 Dungeon Crawl Stone Soup version 0.29-a0-416-g83a48905f1 (webtiles) character file.

Game seed: 12007877437238812541

83 YayAnonymity the Shield-Bearer (level 4, 0/41 HPs)
             Began as a Gnoll Fighter on May 17, 2022.
             Killed by nerve-wracking pain
             ... invoked by an orc priest
              (1 damage)
             ... on level 3 of the Dungeon.
             The game lasted 00:01:44 (2161 turns).

YayAnonymity the Shield-Bearer (Gnoll Fighter)      Turns: 2161, Time: 00:01:45

Health: 0/41       AC:  8    Str: 17    XL:     4   Next: 44%
Magic:  5/5        EV: 10    Int: 13    God:
Gold:   102        SH:  5    Dex: 12    Spells: 5/5 levels left

rFire   . . .      SeeInvis .   a - +0 morningstar
rCold   . . .      Faith    .   c - +0 buckler
rNeg    . . .      Spirit   .   o - +1 ring mail {Will+}
rPois   .          Reflect  .   (no helmet)
rElec   .          Harm     .   s - +0 cloak
rCorr   +          Rampage  .   (no gloves)
Will    +....                   (no boots)
Stlth   +.........              (no amulet)
HPRegen 0.13/turn               k - ring of resist corrosion
MPRegen 0.09/turn               n - +6 ring of intelligence

@: no status effects
A: fangs 1, strong nose, distributed training
a: no special abilities


You were on level 3 of the Dungeon.
You visited 1 branch of the dungeon, and saw 3 of its levels.

You collected 102 gold pieces.

Inventory:

Hand Weapons
 a - a +0 morningstar (weapon)
Missiles
 i - 4 boomerangs (quivered)
Armour
 c - a +0 buckler (worn)
 o - a +1 ring mail of willpower (worn)
 s - a +0 cloak (worn)
Jewellery
 k - a ring of resist corrosion (left hand)
 n - a +6 ring of intelligence (right hand)
Wands
 m - a wand of acid (6)
 q - a wand of paralysis (5)
Scrolls
 e - 4 scrolls of teleportation {unknown}
 f - a scroll of immolation {unknown}
 g - a scroll of blinking {unknown}
 h - 4 scrolls of vulnerability {unknown}
 l - 2 scrolls of poison {unknown}
 p - 2 scrolls of identify {unknown}
Potions
 b - 2 potions of curing {unknown}
 d - 2 potions of might
 j - 2 potions of brilliance {unknown}
 r - a potion of attraction {unknown}


   Skills:
 + Level 6.6 Fighting
 + Level 1.1 Short Blades
 + Level 1.1 Long Blades
 + Level 1.1 Axes
 + Level 4.6 Maces & Flails
 + Level 1.1 Polearms
 + Level 1.1 Staves
 + Level 1.1 Slings
 + Level 1.1 Bows
 + Level 1.1 Crossbows
 + Level 1.1 Throwing
 + Level 6.6 Armour
 + Level 1.1 Dodging
 + Level 1.1 Stealth
 + Level 6.6 Shields
 + Level 1.1 Unarmed Combat
 + Level 1.1 Spellcasting
 + Level 0.9 Conjurations
 + Level 0.9 Hexes
 + Level 0.9 Summonings
 + Level 0.9 Necromancy
 + Level 0.9 Translocations
 + Level 0.9 Transmutations
 + Level 0.9 Fire Magic
 + Level 0.9 Ice Magic
 + Level 0.9 Air Magic
 + Level 0.9 Earth Magic
 + Level 0.9 Poison Magic
 + Level 1.2 Invocations
 + Level 1.1 Evocations


You had 5 spell levels left.
You didn't know any spells.
Your spell library contained the following spells:

 Spells                   Type           Power      Damage    Failure   Level
 Slow                     Hex            12%        N/A       38%         1
 Confusing Touch          Hex            3%         N/A       77%         3
 Ignite Poison            Fire/Tmut/Pois 3%         N/A       77%         3
 Mephitic Cloud           Conj/Pois/Air  3%         N/A       77%         3
 Vampiric Draining        Necr           3%         2d6       77%         3
 Freezing Cloud           Conj/Ice/Air   1%         6-21      100%        5


Dungeon Overview and Level Annotations

Branches:
Dungeon (3/15)

Altars:


Innate Abilities, Weirdness & Mutations

You have very sharp teeth.
Your uncanny sense of smell can sniff out nearby items.
Your experience applies equally to all skills.


Message History

The orc shouts!
The orc priest mumbles some strange prayers to Beogh against you.
Beogh smites you!
* * * LOW HITPOINT WARNING * * *
The orc hits you but does no damage.
The orc wizard mumbles some strange words.
The orc wizard flickers and vanishes!
Deactivating autopickup; reactivate with Ctrl-A.
You are too injured to fight recklessly!
You are too injured to fight recklessly!
You are too injured to fight recklessly!
You are too injured to fight recklessly!
You puncture the orc!
You kill the orc!
Things that are here:
a +0 dagger; an orc corpse You hit the orc priest.
The orc priest is lightly wounded.
You block the orc priest's attack.
You barely miss the orc priest.
The orc priest is lightly wounded.
The orc priest mumbles some strange prayers to Beogh against you.
Beogh smites you!
* * * LOW HITPOINT WARNING * * *
The orc priest mumbles some strange prayers to Beogh against you.
You resist with some effort.
You barely miss the orc priest. Your bite misses the orc priest.
The orc priest is lightly wounded.
The orc priest mumbles some strange prayers to Beogh against you.
You resist with some effort.
You hit the orc priest.
The orc priest is heavily wounded.
The orc priest hits you but does no damage.
You closely miss the orc priest.
The orc priest is heavily wounded.
Something hits you but does no damage. You block the orc's attack.
The orc priest closely misses you.
The orc priest invokes the aid of Beogh against you.
Pain shoots through your body!
You die...

...................))).
#######.#######.....###
#######.#### #.....#
#..........# #.....#
#......)...# #.....#
#..........# #.....#
#..........# #.....#
#..........# #.....#
#.....@....# #######
#.....oo...#
#.............
##..###.#..... ##.
.<.8... ## .###### ..
..


You could see an orc priest and an orc.

Vanquished Creatures
  An orc priest (D:3)
  Terence (D:2)
  3 orcs (D:3)
  6 ball pythons
  An endoplasm (D:1)
  6 goblins
  3 hobgoblins
  A kobold (D:1)
  2 bats
  A frilled lizard (D:2)
  2 rats
27 creatures vanquished.

Notes
Turn   | Place    | Note
-------+----------+-------------------------------------------
     0 | D:1      | YayAnonymity the Gnoll Fighter began the quest for the Orb.
     0 | D:1      | Reached XP level 1. HP: 23/23 MP: 1/1
   169 | D:1      | Reached XP level 2. HP: 29/29 MP: 2/2
   504 | D:1      | Found a faded altar of an unknown god.
   658 | D:2      | Noticed Terence
   665 | D:2      | Killed Terence
   666 | D:2      | Reached XP level 3. HP: 8/35 MP: 2/4
  1033 | D:2      | Reached skill level 1 in Invocations
  1798 | D:3      | Reached skill level 1 in Short Blades
  1798 | D:3      | Reached skill level 1 in Long Blades
  1798 | D:3      | Reached skill level 1 in Axes
  1798 | D:3      | Reached skill level 1 in Polearms
  1798 | D:3      | Reached skill level 1 in Staves
  1798 | D:3      | Reached skill level 1 in Slings
  1798 | D:3      | Reached skill level 1 in Bows
  1798 | D:3      | Reached skill level 1 in Crossbows
  1798 | D:3      | Reached skill level 1 in Throwing
  1798 | D:3      | Reached skill level 1 in Dodging
  1798 | D:3      | Reached skill level 1 in Stealth
  1798 | D:3      | Reached skill level 1 in Unarmed Combat
  1798 | D:3      | Reached skill level 1 in Spellcasting
  1798 | D:3      | Reached skill level 1 in Evocations
  1802 | D:3      | Reached XP level 4. HP: 3/41 MP: 5/5
  2158 | D:3      | HP: 1/41 [orc priest/divine providence (12)]
  2161 | D:3      | Killed from afar by an orc priest

Illustrated notes

Levels and vault maps discovered:
D:1:      ncdulo_lavacross, layout_loops_ring,
          dreamdust_ecumenical_altar_hidden_monk_grotto, hex_tiny,
          minmay_pentomino_z2
D:2:      layout_loops_corners, uniq_terence
D:3:      layout_basic, serial_shops, shop_statue, uniq_sigmund

Skill      XL: |  1  2  3 |
---------------+----------+-----
Invocations    | 1 |  1.2
Short Blades   | 1 |  1.1
Long Blades    | 1 |  1.1
Axes           | 1 |  1.1
Polearms       | 1 |  1.1
Staves         | 1 |  1.1
Slings         | 1 |  1.1
Bows           | 1 |  1.1
Crossbows      | 1 |  1.1
Throwing       | 1 |  1.1
Dodging        | 1 |  1.1
Stealth        | 1 |  1.1
Unarmed Combat | 1 |  1.1
Spellcasting   | 1 |  1.1
Evocations     | 1 |  1.1
Fighting       | |  6.6
Maces & Flails | |  4.6
Armour         | |  6.6
Shields        | |  6.6
Conjurations   | |  0.9
Hexes          | |  0.9
Summonings     | |  0.9
Necromancy     | |  0.9
Translocations | |  0.9
Transmutations | |  0.9
Fire Magic     | |  0.9
Ice Magic      | |  0.9
Air Magic      | |  0.9
Earth Magic    | |  0.9
Poison Magic   | |  0.9

Action                   |  1- 3 |  4- 6 || total
-------------------------+-------+-------++-------
Melee: Flail             |    28 |       ||    28
       Bite              |     4 |       ||     4
       Morningstar       |    41 |    14 ||    55
Armor: Scale mail        |    10 |       ||    10
       Ring mail         |    14 |     7 ||    21
Dodge: Dodged            |    24 |     5 ||    29
Block: Buckler           |    23 |     3 ||    26

Table legend: (Time is in decaauts)
 A = Elapsed time spent in this place.
 B = Non-inter-level travel time spent in this place.
 C = Inter-level travel time spent in this place.
 D = Time resting spent in this place.
 E = Time spent auto-exploring this place.
 F = Levels seen in this place.
 G = Mean time per level.
                   A        B        C        D        E       F      G
               +--------+--------+--------+--------+--------+-----+--------+
         Total |   2180 |   2128 |     52 |    210 |   1675 |   3 |  726.7 |
       Dungeon |   2180 |   2128 |     52 |    210 |   1675 |   3 |  726.7 |
               +--------+--------+--------+--------+--------+-----+--------+

Top non-repeatable levels by time:
     D:2: 1065 daAuts
     D:1: 658 daAuts
     D:3: 456 daAuts
